 Dungeon Crawl Stone Soup version 0.31-a0-1570-g93c622d222 (webtiles) character file.

Game seed: 16133617645716509450

781 dialectric the Changeling (level 7, -1/61 HPs)
             Began as a Yellow Draconian Shapeshifter on Jan 3, 2024.
             Killed from afar by an orc wizard (8 damage)
             ... with a magic dart
             ... on level 5 of the Dungeon.
             The game lasted 00:06:09 (4001 turns).

dialectric the Changeling (DrSh)                    Turns: 4001, Time: 00:06:09

Health: -1/61      AC: 10    Str: 16    XL:     7   Next: 55%
Magic:  7/7        EV: 13    Int: 11    God:
Gold:   112        SH:  0    Dex: 12    Spells: 6/6 levels left

rFire   . .          .
                       - Unarmed
rCold   . . .        (no shield)
rNeg    . . .        (body armour unavailable)
rPois   .            (helmet currently unavailable)
rElec   .            (cloak currently unavailable)
rCorr   +            (gloves currently unavailable)
SInv    +            (boots currently unavailable)
Will    .....        (no amulet)
Stlth   +            h - ring of see invisible
HPRegen 0.30/turn    v - +4 ring of protection
MPRegen 0.10/turn

%: no passive effects
@: beast-form
A: beast (slay +3), spit acid, AC +6, unfitting armour, cold-blooded, acid
resistance
a: Breathe Acid, Begin Untransformation


You were on level 5 of the Dungeon.
You were a hulking beast.
You visited 1 branch of the dungeon, and saw 6 of its levels.

You collected 112 gold pieces.

Inventory:

Missiles
 q - 3 poisoned darts (quivered)
Armour
 n - a +0 pair of boots
Jewellery
 h - a ring of see invisible (left hand)
 t - a ring of protection from fire
 v - a +4 ring of protection (right hand)
Talismans
 b - a beast talisman
 c - a flux talisman
 i - a talisman of death
 s - a serpent talisman
Wands
 a - a wand of quicksilver (9)
Scrolls
 e - a scroll of revelation
 f - a scroll of identify
 g - a scroll of butterflies {unknown}
 j - a scroll of blinking {unknown}
 k - a scroll of amnesia {unknown}
 l - a scroll of noise {unknown}
 m - 2 scrolls of teleportation
 o - 2 scrolls of fog
 p - a scroll of enchant armour {unknown}
Potions
 r - a potion of cancellation


   Skills:
 - Level 5.1 Fighting
 + Level 4.8 Dodging
 - Level 3.1 Unarmed Combat
 + Level 5.4 Shapeshifting


You had 6 spell levels left.
You didn't know any spells.
Your spell library contained the following spells:

 Spells                   Type           Power      Damage    Failure   Level
 Scorch                   Fire           0%         2d5       47%         2
 Dazzling Flash           Conj/Hex       0%         N/A       71%         3
 Volatile Blastmotes      Fire/Tloc      0%         2d10      71%         3
 Flame Wave               Conj/Fire      0%         2d4       98%         4
 Starburst                Conj/Fire      0%         6d3       100%        6
 Summon Cactus Giant      Summ           0%         N/A       100%        6
 Maxwell's Capacitive Co  Air            0%         ∞         100%        8


Dungeon Overview and Level Annotations

Branches:
Dungeon (6/15)
 Temple: D:4-7

Altars:

Shops:
D:3 (   D:4 (

Annotations:
D:6 Eustachio


Innate Abilities, Weirdness & Mutations

You are a hulking beast.
Your limbs bulge with bestial killing power. (Slay +3)
You can spit globs of acid.
Your golden yellow scales are hard. (AC +6)
You cannot fit into any form of body armour.
You are cold-blooded and may be slowed by cold attacks.
You are resistant to acid. (rCorr)


Message History

You punch the orc!
You kill the orc!
The orc wizard casts a spell at you. You resist with some effort.
The orc barely misses you.
Unknown command.
You hit the orc wizard.
The orc wizard is lightly wounded.
The orc wizard hits you but does no damage.
Unknown command.
You hit the orc wizard.
Your tail-slap misses the orc wizard.
The orc wizard is moderately wounded.
The orc wizard hits you but does no damage.
An orc comes into view. It is wielding a +0 dagger.
The orc closely misses you.
Unknown command.
You hit the orc wizard but do no damage.
You tail-slap the orc wizard.
The orc wizard is severely wounded.
The orc wizard closely misses you. The orc hits you but does no damage.
You barely miss the orc wizard.
The orc wizard is severely wounded.
The orc hits you with a +0 dagger.
* * * LOW HITPOINT WARNING * * *
The orc hits you with a +0 hand axe.
* * * LOW HITPOINT WARNING * * *
The orc wizard misses you.
You hit the orc wizard.
The orc wizard is almost dead.
The orc wizard hits you with a +3 dagger.
* * * LOW HITPOINT WARNING * * *
The orc misses you.
An orc comes into view. It is wielding a +0 flail.
The orc hits you with a +0 dagger.
* * * LOW HITPOINT WARNING * * *
Unknown command.
You miss the orc wizard.
The orc wizard is almost dead.
The orc wizard gestures at you while chanting.
The magic dart hits you!
You die...

**,***,,,*,,,**
*,....
**,,,,..o.,,,*
**,....
*****#...,,,**
*,,.##.
#.O#*,,,*
**,**#*
#..#**,,**
*,,*,,
#.B#**,,,*
**,,,,
#..#*,,,,**
*****
#.o#*,***,** *
#>h#,,* **,***
** *****#.oo.#*
**,,** **,
*,,,...(..#*
**,,***,,
*,.........#*
**,,,,,*
#...........#*
***,,,*
##....#####..#*
*,,,,
########..#####
*#..#*****,,**
#######..######
*...,,,,,,***
######.########
**,,,,,,,** *


You could see an ogre, a bombardier beetle, an orc wizard and 3 orcs.

Vanquished Creatures
  Sigmund (D:2)
  A wyvern (D:5)
  A phantom (D:4)
  Blork the orc (D:5)
  A scorpion (D:5)
  A bombardier beetle (D:4)
  A hound (D:4)
  2 iguanas
  A sleepcap (D:5)
  Ijyb (D:4)
  5 adders
  A ribbon worm (D:2)
  3 dart slugs
  2 orcs (D:5)
  2 ball pythons
  4 bats
  4 endoplasms
  3 giant cockroaches
  7 hobgoblins
  3 jackals (D:1)
  4 quokkas
  2 frilled lizards
  3 goblins (D:1)
  6 kobolds
  7 rats
67 creatures vanquished.

Notes
Turn   | Place    | Note
-------+----------+-------------------------------------------
     0 | D:1      | dialectric the Draconian Shapeshifter began the quest for
                  | the Orb.
     0 | D:1      | Reached XP level 1. HP: 16/16 MP: 1/1
   112 | D:1      | Reached XP level 2. HP: 19/23 MP: 2/2
   942 | D:2      | Reached XP level 3. HP: 24/30 MP: 3/3
  1078 | D:2      | Noticed Sigmund
  1088 | D:2      | Killed Sigmund
  1089 | D:2      | Reached XP level 4. HP: 40/40 MP: 4/4
  1089 | D:2      | Reached XP level 5. HP: 46/46 MP: 5/5
  1544 | D:3      | Found Tympez's Antique Weapon Shoppe.
  2639 | D:4      | Noticed a phantom
  2906 | D:3      | Reached XP level 6. HP: 45/53 MP: 6/6
  2935 | D:4      | Noticed Ijyb
  2954 | D:4      | Killed Ijyb
  3210 | D:4      | Found Nyid's Weapon Boutique.
  3259 | D:4      | Reached skill level 5 in Fighting
  3703 | D:5      | Entered Level 5 of the Dungeon
  3767 | D:5      | Noticed Blork the orc
  3774 | D:5      | Killed Blork the orc
  3775 | D:5      | Your scales start taking on a golden yellow colour.
  3775 | D:5      | Reached XP level 7. HP: 41/61 MP: 7/7
  3775 | D:5      | Gained mutation: You are resistant to acid. (rCorr) [Yellow
                  | Draconian growth]
  3878 | D:5      | Noticed a wyvern
  3903 | D:5      | Killed a wyvern
  3904 | D:5      | Reached skill level 5 in Shapeshifting
  3982 | D:6      | Noticed Eustachio
  4001 | D:5      | Killed from afar by an orc wizard

Illustrated notes

Levels and vault maps discovered:
D:1:      nicolae_arrival_washed_ashore, layout_loops_corners, minmay_tromino_i4
D:2:      layout_rooms, uniq_sigmund
D:3:      layout_basic, serial_shops, nicolae_shop_overgrown_old_shop,
          nicolae_hexahallways
D:4:      layout_loops_cross, serial_shops, nicolae_shop_bloodbath_and_beyond,
          uniq_ijyb
D:5:      layout_layer_cave, grunt_temple_overflow_open, gup_sewer_entry_spiral,
          uniq_blork_the_orc
D:6:      layout_cave_pools, minmay_temple_entry_hall, hangedman_decor_opposing,
          uniq_eustachio

Skill      XL: |  1  2  3  4  5  6  7 |
---------------+----------------------+-----
Dodging        | 2 3 4 |  4.8
Fighting       | 2 4 5 |  5.1
Shapeshifting  | 4 5 |  5.4
Unarmed Combat | |  3.1

Action                     |  1- 3 |  4- 6 |  7- 9 || total
---------------------------+-------+-------+-------++-------
  Melee: Unarmed           |    68 |   172 |    34 ||   274
         Tailslap          |     7 |    22 |     6 ||    35
         Punch             |       |     4 |       ||     4
  Throw: Dart              |       |     1 |     3 ||     4
Ability: Breathe Acid      |       |       |     1 ||     1
    Use: Potion            |     1 |     4 |     2 ||     7
         Scroll            |       |     2 |     3 ||     5
   Stab: Sleeping          |     1 |     1 |       ||     2
         Distracted        |       |     1 |       ||     1
 Armour: Skin              |    37 |    96 |    36 ||   169
  Dodge: Dodged            |    54 |    85 |    30 ||   169

Table legend: (Time is in decaauts)
 A = Elapsed time spent in this place.
 B = Non-inter-level travel time spent in this place.
 C = Inter-level travel time spent in this place.
 D = Time resting spent in this place.
 E = Time spent auto-exploring this place.
 F = Levels seen in this place.
 G = Mean time per level.
                   A        B        C        D        E       F      G
               +--------+--------+--------+--------+--------+-----+--------+
         Total |   3970 |   3866 |    104 |    246 |   2787 |   6 |  661.7 |
       Dungeon |   3970 |   3866 |    104 |    246 |   2787 |   6 |  661.7 |
               +--------+--------+--------+--------+--------+-----+--------+

Top non-repeatable levels by time:
     D:3: 1222 daAuts
     D:1: 924 daAuts
     D:4: 922 daAuts
     D:2: 620 daAuts
     D:5: 274 daAuts
     D:6: 5 daAuts
